[Event "9th Amsterdam Science Park A 2019"]
[Site "Amsterdam"]
[Date "2019.07.06"]
[Round "1.1"]
[White "Meshkovs, Nikita"]
[Black "Zimmerman, Luc"]
[Result "*"]
[ECO "A20"]
[WhiteElo "2550"]
[BlackElo "2175"]
[Annotator "ChessBase"]
[PlyCount "20"]
[EventDate "2019.07.06"]
[EventType "swiss"]
[EventCountry "NED"]
[SourceTitle "playchess.com"]
[Source "ChessBase"]
[SourceQuality "1"]
[TimeControl "40/5400+30:1800+30"]

1. c4 e5 2. g3 Nf6 3. Bg2 c6 4. Nf3 e4 5. Nd4 d5 6. cxd5 Qxd5 7. Nc2 Qh5 8. h3 Bd6 9. Nc3 Qg6 10. Ne3 O-O *

[Event "9th Amsterdam Science Park A 2019"]
[Site "Amsterdam"]
[Date "2019.07.06"]
[Round "1.1"]
[White "Meshkovs, Nikita"]
[Black "Zimmermann, Luc"]
[Result "1-0"]
[ECO "A20"]
[WhiteElo "2550"]
[BlackElo "2175"]
[Annotator "ChessBase"]
[PlyCount "59"]
[EventDate "2019.07.06"]
[EventType "swiss"]
[EventCountry "NED"]
[SourceTitle "playchess.com"]
[Source "ChessBase"]
[SourceQuality "1"]
[TimeControl "40/5400+30:1800+30"]

1. c4 e5 2. g3 Nf6 3. Bg2 c6 4. Nf3 e4 5. Nd4 d5 6. cxd5 Qxd5 7. Nc2 Qh5 8. h3 Bd6 9. Nc3 Qg6 10. Ne3 O-O 11. b3 Re8 12. Bb2 Na6 13. a3 Be6 14. b4 Nc7 15. Qc2 Be5 16. Rb1 Bd5 17. Na4 Bxb2 18. Qxb2 Ne6 19. Rc1 h5 20. h4 Ng4 21. Bh3 f5 22. Bxg4 fxg4 23. Nc5 b6 24. Nxe6 Qxe6 25. O-O Rf8 26. a4 Rac8 27. a5 Qe7 28. axb6 axb6 29. Qd4 Rfd8 30. Qxb6 1-0

[Event "9th Amsterdam Science Park A 2019"]
[Site "Amsterdam"]
[Date "2019.07.06"]
[Round "1.2"]
[White "Bekedam, Tyro"]
[Black "Gleizerov, Evgeny"]
[Result "0-1"]
[ECO "C02"]
[WhiteElo "2142"]
[BlackElo "2498"]
[Annotator "ChessBase"]
[PlyCount "72"]
[EventDate "2019.07.06"]
[EventType "swiss"]
[EventCountry "NED"]
[SourceTitle "playchess.com"]
[Source "ChessBase"]
[SourceQuality "1"]
[TimeControl "40/5400+30:1800+30"]

1. e4 e6 2. d4 d5 3. e5 c5 4. f4 Nc6 5. Ne2 Nh6 6. Nd2 cxd4 7. Nb3 Nf5 8. g3 Bb4+ 9. Bd2 Ne3 10. Qc1 Bxd2+ 11. Qxd2 Qb6 12. Rc1 Nc4 13. Qd3 Nxb2 14. Qd2 Nc4 15. Qd3 Qb4+ 16. Kf2 Nb2 17. Qf3 a5 18. Rb1 Nc4 19. Bh3 Na3 20. Rbd1 Nxc2 21. Qd3 Qb6 22. Qxc2 d3+ 23. Qc5 Qxc5+ 24. Nxc5 dxe2 25. Rb1 Nb4 26. a3 Nc2 27. Kxe2 Nxa3 28. Rb3 Nc4 29. Nxb7 a4 30. Rb4 Bxb7 31. Rxb7 O-O 32. Ra1 a3 33. Kd3 g6 34. Bf1 Rfc8 35. g4 g5 36. Kd4 Ra4 0-1

[Event "9th Amsterdam Science Park A 2019"]
[Site "Amsterdam"]
[Date "2019.07.06"]
[Round "1.3"]
[White "Ten Hertog, Hugo"]
[Black "Vroombout, Enrico"]
[Result "1-0"]
[ECO "B35"]
[WhiteElo "2484"]
[BlackElo "2141"]
[Annotator "ChessBase"]
[PlyCount "63"]
[EventDate "2019.07.06"]
[EventType "swiss"]
[EventCountry "NED"]
[SourceTitle "playchess.com"]
[Source "ChessBase"]
[SourceQuality "1"]
[TimeControl "40/5400+30:1800+30"]

1. e4 c5 2. Nc3 Nc6 3. Nge2 g6 4. d4 cxd4 5. Nxd4 Bg7 6. Be3 Nf6 7. Bc4 O-O 8. Bb3 d6 9. h3 Bd7 10. O-O Rc8 11. Re1 Na5 12. Qd3 a6 13. Nd5 e6 14. Nxf6+ Bxf6 15. c3 e5 16. Nc2 Bb5 17. Qd1 Nxb3 18. axb3 Bc6 19. Nb4 Bg7 20. Nxc6 Rxc6 21. Qd5 Kh8 22. b4 f5 23. f3 fxe4 24. fxe4 Qh4 25. Rf1 Rfc8 26. Rae1 b5 27. Bd2 g5 28. Rf5 g4 29. hxg4 Qxg4 30. Rg5 Qd7 31. Rf1 Qe8 32. Rf7 1-0

[Event "9th Amsterdam Science Park A 2019"]
[Site "Amsterdam"]
[Date "2019.07.06"]
[Round "1.4"]
[White "Van der Velde, Henk"]
[Black "Arnaudov, G. Petar"]
[Result "0-1"]
[ECO "A13"]
[WhiteElo "2135"]
[BlackElo "2478"]
[Annotator "ChessBase"]
[PlyCount "70"]
[EventDate "2019.07.06"]
[EventType "swiss"]
[EventCountry "NED"]
[SourceTitle "playchess.com"]
[Source "ChessBase"]
[SourceQuality "1"]
[TimeControl "40/5400+30:1800+30"]

1. c4 e6 2. g3 d5 3. Bg2 Nf6 4. Nf3 d4 5. a3 c5 6. b4 a5 7. b5 Bd6 8. d3 O-O 9. e4 Nfd7 10. O-O f5 11. Ng5 Nf6 12. e5 Bxe5 13. Re1 Ng4 14. Ra2 h6 15. Nxe6 Bxe6 16. f4 Ra7 17. fxe5 b6 18. Rae2 Rd7 19. Qc2 g5 20. h3 Ne3 21. Bxe3 dxe3 22. Rxe3 f4 23. gxf4 gxf4 24. Rf3 Rg7 25. Kf1 Qg5 26. Nc3 Nd7 27. Qe2 Nxe5 28. Ne4 Qg6 29. Rd1 Nxc4 30. dxc4 Kh8 31. Rd2 Rfg8 32. Nd6 Qf6 33. Ne4 Qa1+ 34. Rd1 Rxg2 35. Rxa1 Rg1+ 0-1

[Event "9th Amsterdam Science Park A 2019"]
[Site "Amsterdam"]
[Date "2019.07.06"]
[Round "1.5"]
[White "Ulibyn, Mikhail"]
[Black "Pham, Khoi"]
[Result "*"]
[ECO "E92"]
[WhiteElo "2469"]
[BlackElo "2133"]
[Annotator "ChessBase"]
[PlyCount "27"]
[EventDate "2019.07.06"]
[EventType "swiss"]
[EventCountry "NED"]
[SourceTitle "playchess.com"]
[Source "ChessBase"]
[SourceQuality "1"]
[TimeControl "40/5400+30:1800+30"]

1. c4 g6 2. d4 Nf6 3. Nc3 Bg7 4. e4 d6 5. Nf3 O-O 6. Be2 e5 7. O-O Nc6 8. d5 Ne7 9. Nd2 a5 10. a3 Nd7 11. Rb1 f5 12. b4 Kh8 13. Qc2 c6 14. dxc6 *

[Event "9th Amsterdam Science Park A 2019"]
[Site "Amsterdam"]
[Date "2019.07.06"]
[Round "1.5"]
[White "Ulybin, Mikhail"]
[Black "Pham, Khoi"]
[Result "1-0"]
[ECO "E97"]
[WhiteElo "2469"]
[BlackElo "2133"]
[Annotator "ChessBase"]
[PlyCount "71"]
[EventDate "2019.07.06"]
[EventType "swiss"]
[EventCountry "NED"]
[SourceTitle "playchess.com"]
[Source "ChessBase"]
[SourceQuality "1"]
[TimeControl "40/5400+30:1800+30"]

1. c4 g6 2. d4 Nf6 3. Nc3 Bg7 4. e4 d6 5. Nf3 O-O 6. Be2 e5 7. O-O Nc6 8. d5 Ne7 9. Nd2 a5 10. a3 Nd7 11. Rb1 f5 12. b4 Kh8 13. Qc2 c6 14. dxc6 bxc6 15. c5 d5 16. exd5 cxd5 17. Bb5 d4 18. Na4 Nd5 19. Bc6 Nf4 20. Bxa8 Ba6 21. b5 Qxa8 22. c6 Rc8 23. Nf3 Bxb5 24. Rxb5 Rxc6 25. Qa2 Qa6 26. Nxe5 Bxe5 27. Rxe5 Nh3+ 28. gxh3 Nxe5 29. Qd5 Qe2 30. Kg2 g5 31. Bb2 g4 32. h4 Rc4 33. Nb6 Rc5 34. Qxd4 Rb5 35. Nc4 Rxb2 36. Qxb2 1-0

[Event "9th Amsterdam Science Park A 2019"]
[Site "Amsterdam"]
[Date "2019.07.06"]
[Round "1.6"]
[White "Elgersma, Simon"]
[Black "Bosboom, Manuel"]
[Result "1/2-1/2"]
[ECO "B90"]
[WhiteElo "2130"]
[BlackElo "2418"]
[Annotator "NA"]
[PlyCount "73"]
[EventDate "2019.07.06"]
[EventType "swiss"]
[EventCountry "NED"]
[SourceTitle "playchess.com"]
[Source "ChessBase"]
[SourceQuality "1"]
[TimeControl "40/5400+30:1800+30"]

1. e4 c5 2. Nf3 d6 3. d4 cxd4 4. Nxd4 Nf6 5. Nc3 a6 6. h3 e5 7. Nb3 h5 8. Bg5 Be7 9. Bxf6 Bxf6 10. Nd5 Nc6 11. Qd3 Be6 12. O-O-O O-O 13. Kb1 a5 14. h4 a4 15. Nd2 a3 16. b3 Ra5 17. Nc4 Bxd5 18. exd5 Nb4 19. Qe4 g6 20. g4 Bg7 21. gxh5 Qc7 22. Nxa5 Qxa5 23. c3 Na6 24. b4 Qc7 25. Qc4 Qb6 26. hxg6 e4 27. Rh3 Qxf2 28. Qe2 Qf5 29. Bg2 e3+ 30. Qc2 Qe5 31. Qd3 e2 32. Re1 Nxb4 33. Qxe2 Qf5+ 34. Qe4 Qf2 35. Re2 Qg1+ 36. Re1 Qf2 37. Re2 1/2-1/2

[Event "9th Amsterdam Science Park A 2019"]
[Site "Amsterdam"]
[Date "2019.07.06"]
[Round "1.7"]
[White "De Rover, Yong Hoon"]
[Black "Van Baar, Esper"]
[Result "0-1"]
[ECO "B90"]
[WhiteElo "2391"]
[BlackElo "2108"]
[Annotator "NA"]
[PlyCount "74"]
[EventDate "2019.07.06"]
[EventType "swiss"]
[EventCountry "NED"]
[SourceTitle "playchess.com"]
[Source "ChessBase"]
[SourceQuality "1"]
[TimeControl "40/5400+30:1800+30"]

1. e4 c5 2. Nf3 d6 3. d4 cxd4 4. Nxd4 Nf6 5. Nc3 a6 6. Be3 e5 7. Nb3 Be7 8. f3 Be6 9. Qd2 O-O 10. O-O-O Nbd7 11. g4 b5 12. g5 Nh5 13. Nd5 Bxd5 14. exd5 f5 15. Rg1 f4 16. Bf2 Bxg5 17. Na5 Be7 18. Kb1 Qc7 19. Nc6 Bd8 20. c4 bxc4 21. Bxc4 Nb8 22. Rc1 Nxc6 23. Bb3 a5 24. Rxc6 Qd7 25. Qc2 Qh3 26. Rxd6 Qxf3 27. Rd7 a4 28. Bc4 Rc8 29. d6+ Kh8 30. b3 axb3 31. axb3 Bf6 32. Qe2 Qh3 33. Ra7 Rb8 34. Ka2 e4 35. Bc5 Qc3 36. Ba3 Qd4 37. Ra5 Qxg1 0-1

[Event "9th Amsterdam Science Park A 2019"]
[Site "Amsterdam"]
[Date "2019.07.06"]
[Round "1.8"]
[White "Bogaard, Milo"]
[Black "Zwirs, Nico"]
[Result "0-1"]
[ECO "E16"]
[WhiteElo "2100"]
[BlackElo "2380"]
[Annotator "NA"]
[PlyCount "82"]
[EventDate "2019.07.06"]
[EventType "swiss"]
[EventCountry "NED"]
[SourceTitle "playchess.com"]
[Source "ChessBase"]
[SourceQuality "1"]
[TimeControl "40/5400+30:1800+30"]

1. c4 e6 2. d4 Nf6 3. Nf3 b6 4. g3 Bb7 5. Bg2 Bb4+ 6. Bd2 Be7 7. O-O O-O 8. Nc3 c6 9. e4 d5 10. cxd5 cxd5 11. exd5 Nxd5 12. Ne5 Bf6 13. Qb3 Bxe5 14. dxe5 Nd7 15. Nxd5 Nc5 16. Qc4 Bxd5 17. Bxd5 exd5 18. Qd4 Qd7 19. Bb4 Rac8 20. Rac1 Qb5 21. Bxc5 bxc5 22. Qxd5 Qxb2 23. Rxc5 Rxc5 24. Qxc5 Qxa2 25. Qd4 a6 26. Ra1 Qe2 27. Qe3 Qxe3 28. fxe3 Ra8 29. Ra5 Kf8 30. Kf2 Ke7 31. Kf3 Kd7 32. Ke4 Kc6 33. g4 Kb6 34. Ra1 a5 35. h4 a4 36. h5 Kc6 37. Ra3 Ra6 38. Kf5 Kb5 39. Ra1 a3 40. Rb1+ Kc4 41. g5 g6+ 0-1

[Event "9th Amsterdam Science Park A 2019"]
[Site "Amsterdam"]
[Date "2019.07.06"]
[Round "1.9"]
[White "Vereggen, Lars"]
[Black "Ballon, Guenther"]
[Result "0-1"]
[ECO "E10"]
[WhiteElo "2370"]
[BlackElo "2089"]
[Annotator "NA"]
[PlyCount "88"]
[EventDate "2019.07.06"]
[EventType "swiss"]
[EventCountry "NED"]
[SourceTitle "playchess.com"]
[Source "ChessBase"]
[SourceQuality "1"]
[TimeControl "40/5400+30:1800+30"]

1. d4 Nf6 2. c4 e6 3. Nf3 d5 4. g3 Bb4+ 5. Nc3 O-O 6. Qb3 c5 7. Bg5 dxc4 8. Qxc4 Qd5 9. Qxd5 Nxd5 10. Bd2 cxd4 11. Nxd5 Bxd2+ 12. Kxd2 exd5 13. Nxd4 Nc6 14. Nxc6 bxc6 15. Rc1 Bd7 16. Rc5 Rfb8 17. Kc1 a5 18. e3 Rb6 19. Bd3 Rab8 20. Rc2 g6 21. Rd1 f5 22. Rdd2 Kf7 23. Be2 Ke7 24. Rc3 Kd6 25. Rdc2 Rb4 26. h4 h5 27. Bd1 R4b6 28. Rd2 R8b7 29. f3 Rb8 30. Ra3 Rb5 31. Be2 Rc5+ 32. Kb1 Kc7 33. Rd4 Re8 34. Rd2 f4 35. g4 hxg4 36. fxg4 fxe3 37. Rd4 Rh8 38. Rxe3 Rxh4 39. a3 Rh1+ 40. Ka2 Rcc1 41. Bd3 c5 42. Rxd5 a4 43. Rxd7+ Kxd7 44. Bb5+ Kd6 0-1

[Event "9th Amsterdam Science Park A 2019"]
[Site "Amsterdam"]
[Date "2019.07.06"]
[Round "1.10"]
[White "Van Veelen, Jouke"]
[Black "Van der Lende, Ilias"]
[Result "0-1"]
[ECO "A09"]
[WhiteElo "2082"]
[BlackElo "2350"]
[Annotator "NA"]
[PlyCount "120"]
[EventDate "2019.07.06"]
[EventType "swiss"]
[EventCountry "NED"]
[SourceTitle "playchess.com"]
[Source "ChessBase"]
[SourceQuality "1"]
[TimeControl "40/5400+30:1800+30"]

1. Nf3 d5 2. c4 d4 3. g3 Nc6 4. Bg2 e5 5. d3 Bb4+ 6. Nbd2 a5 7. a3 Be7 8. b3 f5 9. Qc2 Nf6 10. Bb2 Bc5 11. O-O O-O 12. Rfe1 Re8 13. e3 dxe3 14. fxe3 Ng4 15. Nf1 f4 16. gxf4 exf4 17. d4 Ba7 18. Qc3 fxe3 19. Nxe3 Nxe3 20. Rxe3 Bg4 21. c5 Qf6 22. Rf1 Qh6 23. Ne5 Nxe5 24. dxe5 Be6 25. b4 c6 26. Kh1 axb4 27. axb4 Bb8 28. Ra1 Rxa1+ 29. Bxa1 Rd8 30. Bb2 Rd1+ 31. Re1 Qd2 32. Qxd2 Rxd2 33. Bc3 Rc2 34. Re3 Rc1+ 35. Be1 Bc7 36. Be4 b6 37. Kg2 bxc5 38. Bxc6 cxb4 39. Be4 b3 40. Bc3 Bb6 41. Rd3 Bc4 42. Rd6 Bc7 43. Rc6 Rxc3 44. Rxc4 Rxc4 45. Bd5+ Kh8 46. Bxc4 b2 47. Bd3 Bxe5 48. h3 g5 49. Kf3 h5 50. Bc2 Kg7 51. Bb1 Kf6 52. Ba2 Bd6 53. Bb1 Ke5 54. Bg6 Kd4 55. Ke2 g4 56. hxg4 hxg4 57. Bf5 Ke5 58. Bh7 Kf4 59. Kf2 g3+ 60. Kg2 Ke5 0-1

[Event "9th Amsterdam Science Park A 2019"]
[Site "Amsterdam"]
[Date "2019.07.06"]
[Round "1.11"]
[White "De Ruiter, Danny"]
[Black "Keuning, Selwin"]
[Result "1/2-1/2"]
[ECO "E15"]
[WhiteElo "2310"]
[BlackElo "2078"]
[Annotator "NA"]
[PlyCount "87"]
[EventDate "2019.07.06"]
[EventType "swiss"]
[EventCountry "NED"]
[SourceTitle "playchess.com"]
[Source "ChessBase"]
[SourceQuality "1"]
[TimeControl "40/5400+30:1800+30"]

1. d4 Nf6 2. c4 e6 3. Nf3 b6 4. g3 Ba6 5. b3 Bb4+ 6. Bd2 Be7 7. Bg2 c6 8. Qc2 d5 9. O-O O-O 10. a4 Nbd7 11. Re1 c5 12. Na3 Bb7 13. a5 Ne4 14. Be3 f5 15. axb6 axb6 16. Nb5 Qc8 17. Rxa8 Bxa8 18. Ra1 dxc4 19. bxc4 cxd4 20. Nfxd4 Ndc5 21. Ra7 Bb7 22. Ra1 Bf6 23. Rd1 Rd8 24. Nf3 e5 25. Ne1 Rxd1 26. Qxd1 Qe6 27. Qc2 Qd7 28. Nd3 Bc6 29. Nxc5 bxc5 30. Qd3 Be7 31. Qxd7 Bxd7 32. Nc7 Ba4 33. Bxe4 fxe4 34. Ne6 Bb3 35. Bxc5 Kf7 36. Bxe7 Kxe6 37. Bf8 Bxc4 38. Kf1 g6 39. Ke1 Kd5 40. Kd2 Ba6 41. Ke3 Bb7 42. Kd2 Ba6 43. Ke3 Bb7 44. Kd2 1/2-1/2

[Event "9th Amsterdam Science Park A 2019"]
[Site "Amsterdam"]
[Date "2019.07.06"]
[Round "1.12"]
[White "Theulings, Paul-Peter"]
[Black "Belous, Mikhail"]
[Result "0-1"]
[ECO "E62"]
[WhiteElo "2070"]
[BlackElo "2289"]
[Annotator "NA"]
[PlyCount "144"]
[EventDate "2019.07.06"]
[EventType "swiss"]
[EventCountry "NED"]
[SourceTitle "playchess.com"]
[Source "ChessBase"]
[SourceQuality "1"]
[TimeControl "40/5400+30:1800+30"]

1. Nf3 Nf6 2. c4 g6 3. g3 Bg7 4. Bg2 O-O 5. d4 d6 6. Nc3 Nc6 7. O-O e5 8. dxe5 dxe5 9. Bg5 Be6 10. Qa4 Qc8 11. Rfd1 Nd7 12. Nd5 e4 13. Nd2 f5 14. Qxc6 bxc6 15. Ne7+ Kf7 16. Nxc8 Rfxc8 17. Rab1 Ne5 18. b3 a5 19. f3 a4 20. fxe4 axb3 21. axb3 Ra2 22. exf5 Bxf5 23. e4 Bg4 24. Rf1+ Kg8 25. Nf3 Nxf3+ 26. Bxf3 Bd4+ 27. Kh1 Bh3 28. Rfd1 c5 29. e5 Bxe5 30. Rd2 Rxd2 31. Bxd2 Bd4 32. Bg2 Be6 33. Re1 Bf7 34. Bh6 Rb8 35. Rf1 Rxb3 36. Bd5 Bxd5+ 37. cxd5 Bg7 38. Bf4 Rd3 39. Bxc7 Rxd5 40. Bf4 c4 41. Kg2 c3 42. Kf3 Kf7 43. Ke4 Ke6 44. Ra1 Rd4+ 45. Ke3 Rd7 46. Ra6+ Kd5 47. Kd3 Kc5+ 48. Kc2 Rb7 49. Bc1 Kb4 50. Ra8 Rf7 51. Rb8+ Kc4 52. Bf4 Kd4 53. Rb4+ Kd5 54. Kd3 Ra7 55. Rb8 Bf6 56. Rb6 Bg7 57. Rd6+ Kc5 58. Rd8 Rb7 59. h4 Kb4 60. Kc2 Kc4 61. Rc8+ Kd5 62. Kd3 Rd7 63. Ra8 Ke6+ 64. Ke4 Rd4+ 65. Ke3 Rb4 66. Ra6+ Kf5 67. Kf3 h5 68. Ra5+ Ke6 69. Ra6+ Kd5 70. Be3 c2 71. Rxg6 Rb3 72. Rg5+ Be5 0-1

[Event "9th Amsterdam Science Park A 2019"]
[Site "Amsterdam"]
[Date "2019.07.07"]
[Round "2.1"]
[White "Wunnink, Michael"]
[Black "Meshkovs, Nikita"]
[Result "0-1"]
[ECO "A46"]
[WhiteElo "2214"]
[BlackElo "2550"]
[Annotator "ChessBase"]
[PlyCount "78"]
[EventDate "2019.07.06"]
[EventType "swiss"]
[EventCountry "NED"]
[SourceTitle "playchess.com"]
[Source "ChessBase"]
[SourceQuality "1"]
[TimeControl "40/5400+30:1800+30"]

1. d4 Nf6 2. Nf3 e6 3. g3 b5 4. Bg2 Bb7 5. O-O d5 6. Qd3 a6 7. a4 b4 8. c4 Nbd7 9. cxd5 Bxd5 10. Nbd2 Be7 11. e4 Bb7 12. Re1 O-O 13. e5 Nd5 14. Ne4 h6 15. Nfd2 c5 16. Nc4 a5 17. Ned6 Ba6 18. Qd1 cxd4 19. Qxd4 Bxc4 20. Nxc4 Nc5 21. Qg4 Bg5 22. f4 Be7 23. f5 exf5 24. Qxf5 Ra7 25. Rd1 Rd7 26. Nd6 Nc7 27. Bc6 N7e6 28. Bxd7 Qxd7 29. Be3 Qc6 30. Qg4 Bg5 31. Bxg5 Nxg5 32. Rf1 Nd3 33. Nf5 Re8 34. Nd4 Qb6 35. Rad1 Nxe5 36. Qf5 g6 37. Qf6 Re6 38. Qd8+ Qxd8 39. Nxe6 Qb6+ 0-1

[Event "9th Amsterdam Science Park A 2019"]
[Site "Amsterdam"]
[Date "2019.07.07"]
[Round "2.2"]
[White "Gleizerov, Evgeny"]
[Black "Vos, Tjark"]
[Result "1-0"]
[ECO "E06"]
[WhiteElo "2498"]
[BlackElo "2210"]
[Annotator "ChessBase"]
[PlyCount "57"]
[EventDate "2019.07.06"]
[EventType "swiss"]
[EventCountry "NED"]
[SourceTitle "playchess.com"]
[Source "ChessBase"]
[SourceQuality "1"]
[TimeControl "40/5400+30:1800+30"]

1. d4 Nf6 2. c4 e6 3. g3 d5 4. Nf3 Be7 5. Bg2 O-O 6. O-O dxc4 7. Qc2 a6 8. a4 Bd7 9. Rd1 Bc6 10. Nc3 a5 11. e4 Na6 12. Ne5 Nb4 13. Qe2 Ra6 14. Nxc4 b6 15. d5 exd5 16. e5 Nd7 17. Ne3 Ra7 18. Nexd5 Nxd5 19. Nxd5 Bxd5 20. Bxd5 c5 21. e6 Nf6 22. exf7+ Kh8 23. Be6 Qa8 24. Bf4 Qc6 25. Bc4 Qc8 26. Re1 Qf5 27. Rad1 h5 28. Be6 Qg6 29. Qb5 1-0

[Event "9th Amsterdam Science Park A 2019"]
[Site "Amsterdam"]
[Date "2019.07.07"]
[Round "2.3"]
[White "Dimitrijeski, Kristian"]
[Black "Ten Hertog, Hugo"]
[Result "1/2-1/2"]
[ECO "E92"]
[WhiteElo "2186"]
[BlackElo "2484"]
[Annotator "ChessBase"]
[PlyCount "70"]
[EventDate "2019.07.06"]
[EventType "swiss"]
[EventCountry "NED"]
[SourceTitle "playchess.com"]
[Source "ChessBase"]
[SourceQuality "1"]
[TimeControl "40/5400+30:1800+30"]

1. d4 g6 2. c4 Bg7 3. Nc3 d6 4. e4 Nf6 5. Nf3 O-O 6. Be2 e5 7. dxe5 dxe5 8. Qxd8 Rxd8 9. Bg5 c6 10. Nxe5 Re8 11. O-O-O Na6 12. Nf3 h6 13. Bxf6 Bxf6 14. e5 Bg7 15. Rhe1 Bg4 16. h3 Bxf3 17. Bxf3 Bxe5 18. Kc2 Re7 19. a3 Rc8 20. b4 Kf8 21. Re2 Nc7 22. Na4 b6 23. Nc3 Bxc3 24. Rxe7 Kxe7 25. Kxc3 Ne6 26. Re1 f5 27. b5 Kd6 28. Bxc6 Nc5 29. f3 Rf8 30. Bd5 f4 31. Be4 g5 32. Bd5 Rc8 33. Re2 Rd8 34. Re1 Rf8 35. Re2 Rd8 1/2-1/2

[Event "9th Amsterdam Science Park A 2019"]
[Site "Amsterdam"]
[Date "2019.07.07"]
[Round "2.4"]
[White "Arnaudov, G. Petar"]
[Black "Luberti, W.."]
[Result "1-0"]
[ECO "A41"]
[WhiteElo "2478"]
[BlackElo "2201"]
[Annotator "ChessBase"]
[PlyCount "45"]
[EventDate "2019.07.06"]
[EventType "swiss"]
[EventCountry "NED"]
[SourceTitle "playchess.com"]
[Source "ChessBase"]
[SourceQuality "1"]
[TimeControl "40/5400+30:1800+30"]

1. d4 g6 2. c4 Bg7 3. Nc3 d6 4. Nf3 Nf6 5. e4 O-O 6. h3 e5 7. d5 Nh5 8. g3 Bd7 9. Be2 a5 10. Nh2 Be8 11. Be3 Na6 12. Bxh5 gxh5 13. g4 Kh8 14. Qd2 hxg4 15. hxg4 f6 16. Nf3 Qd7 17. O-O-O Nc5 18. Nh4 Nxe4 19. Nxe4 Qxg4 20. Qc2 f5 21. f3 Qh5 22. Ng3 Bd7 23. Nxh5 1-0

[Event "9th Amsterdam Science Park A 2019"]
[Site "Amsterdam"]
[Date "2019.07.07"]
[Round "2.5"]
[White "Kohler, Aran"]
[Black "Ulybin, Mikhail"]
[Result "0-1"]
[ECO "D00"]
[WhiteElo "2176"]
[BlackElo "2469"]
[Annotator "ChessBase"]
[PlyCount "94"]
[EventDate "2019.07.06"]
[EventType "swiss"]
[EventCountry "NED"]
[SourceTitle "playchess.com"]
[Source "ChessBase"]
[SourceQuality "1"]
[TimeControl "40/5400+30:1800+30"]

1. d4 d5 2. Bf4 c5 3. e3 Nc6 4. c3 Nf6 5. Nd2 g6 6. Bd3 Bg7 7. h3 O-O 8. dxc5 Nd7 9. Nb3 e5 10. Bg3 Qe7 11. Bc2 a5 12. a4 Nxc5 13. Qxd5 Nxb3 14. Qxb3 Be6 15. Qa3 Nb4 16. cxb4 axb4 17. Qd3 Rac8 18. Nf3 b3 19. Bxb3 Qb4+ 20. Qd2 Qxb3 21. O-O Rfd8 22. Qa5 Rd5 23. Qa7 Bf8 24. Bxe5 Bc5 25. Qa5 Bd6 26. Qc3 Rxc3 27. Bxc3 Bc5 28. Nd2 Qc2 29. Rfc1 Qd3 30. Nf1 h5 31. a5 h4 32. Bf6 g5 33. Ra4 Rf5 34. Bc3 Qe2 35. Be1 Bd5 36. b4 Bd6 37. b5 Qxb5 38. Rg4 Bc6 39. f4 f6 40. Bxh4 Qxa5 41. Rd1 Rd5 42. Rxd5 Qxd5 43. Bxg5 Kf7 44. Bh6 b5 45. Rg7+ Ke8 46. h4 Bf8 47. e4 Qd4+ 0-1

[Event "9th Amsterdam Science Park A 2019"]
[Site "Amsterdam"]
[Date "2019.07.07"]
[Round "2.6"]
[White "Zwirs, Nico"]
[Black "Smirnova, Ekaterina"]
[Result "1-0"]
[ECO "C10"]
[WhiteElo "2380"]
[BlackElo "2184"]
[Annotator "NA"]
[PlyCount "95"]
[EventDate "2019.07.06"]
[EventType "swiss"]
[EventCountry "NED"]
[SourceTitle "playchess.com"]
[Source "ChessBase"]
[SourceQuality "1"]
[TimeControl "40/5400+30:1800+30"]

1. e4 e6 2. d4 d5 3. Nc3 dxe4 4. Nxe4 Bd7 5. Nf3 Bc6 6. Bd3 Nd7 7. c3 Ngf6 8. Nxf6+ Qxf6 9. Bg5 Bxf3 10. Qd2 Bxg2 11. Bxf6 Bxh1 12. Bh4 g6 13. O-O-O Bf3 14. Re1 Bh5 15. d5 e5 16. Bb5 Bg7 17. f4 Bg4 18. fxe5 O-O 19. Bxd7 Bxd7 20. e6 fxe6 21. dxe6 Bc6 22. e7 Rfe8 23. Qf4 Rac8 24. Bf6 Bxf6 25. Qxf6 Bd7 26. h4 c5 27. Rf1 Bf5 28. Rxf5 gxf5 29. Qe6+ Kg7 30. h5 h6 31. Qg6+ Kh8 32. Qxh6+ Kg8 33. Qg6+ Kh8 34. Qf6+ Kh7 35. Qxf5+ Kh8 36. Qf6+ Kh7 37. Qg6+ Kh8 38. Qf6+ Kh7 39. Qf7+ Kh8 40. h6 Rg8 41. Kd2 c4 42. Ke3 b5 43. Ke4 a5 44. h7 Rge8 45. Kd5 b4 46. Ke6 a4 47. Qf6+ Kxh7 48. Kf7 1-0

[Event "9th Amsterdam Science Park A 2019"]
[Site "Amsterdam"]
[Date "2019.07.07"]
[Round "2.7"]
[White "Van der Lende, Ilias"]
[Black "Goes, Sten"]
[Result "1-0"]
[ECO "A48"]
[WhiteElo "2350"]
[BlackElo "2183"]
[Annotator "NA"]
[PlyCount "53"]
[EventDate "2019.07.06"]
[EventType "swiss"]
[EventCountry "NED"]
[SourceTitle "playchess.com"]
[Source "ChessBase"]
[SourceQuality "1"]
[TimeControl "40/5400+30:1800+30"]

1. d4 Nf6 2. Nf3 g6 3. Nc3 d5 4. Bf4 Bg7 5. Nb5 Na6 6. e3 Ne4 7. Nd2 Nxd2 8. Qxd2 c6 9. Nc3 b6 10. O-O-O O-O 11. h4 f6 12. e4 e6 13. h5 Qd7 14. hxg6 hxg6 15. Bh6 dxe4 16. Nxe4 Nc7 17. Bd3 Ba6 18. Bxa6 Nxa6 19. Rh3 Nc7 20. Rdh1 Rad8 21. Bxg7 Qxg7 22. Rh8+ Qxh8 23. Rxh8+ Kxh8 24. Qh6+ Kg8 25. Qxg6+ Kh8 26. Nxf6 Rxd4 27. Qh7# 1-0

[Event "9th Amsterdam Science Park A 2019"]
[Site "Amsterdam"]
[Date "2019.07.07"]
[Round "2.8"]
[White "Belous, Mikhail"]
[Black "Van Baar, Esper"]
[Result "1/2-1/2"]
[ECO "E81"]
[WhiteElo "2289"]
[BlackElo "2108"]
[Annotator "NA"]
[PlyCount "216"]
[EventDate "2019.07.06"]
[EventType "swiss"]
[EventCountry "NED"]
[SourceTitle "playchess.com"]
[Source "ChessBase"]
[SourceQuality "1"]
[TimeControl "40/5400+30:1800+30"]

1. d4 Nf6 2. c4 g6 3. f3 Bg7 4. e4 d6 5. Nc3 O-O 6. Be3 c5 7. Nge2 Qa5 8. d5 b5 9. cxb5 a6 10. b6 Nbd7 11. Qd2 Rb8 12. Nc1 Ne5 13. Be2 Qxb6 14. b4 Nfd7 15. bxc5 Qa5 16. Nd1 Qxd2+ 17. Kxd2 Nxf3+ 18. gxf3 Bxa1 19. c6 Nc5 20. Bxc5 dxc5 21. Nb3 Bd4 22. f4 Rb4 23. e5 Rd8 24. Bf3 Ra4 25. Re1 Kf8 26. Nc1 f6 27. h4 Ra3 28. Nb3 Rxa2+ 29. Kd3 Ra3 30. Kc2 Bf5+ 31. Be4 Bxe4+ 32. Rxe4 fxe5 33. fxe5 Ra4 34. d6 exd6 35. c7 Rc8 36. exd6 Rb4 37. d7 Rbb8 38. cxb8=Q Rxb8 39. Nxd4 cxd4 40. Rxd4 Ke7 41. Ne3 Rd8 42. Ra4 Rxd7 43. Rxa6 Kf7 44. Kc3 Kg7 45. Ra4 Kf6 46. Rf4+ Ke5 47. Rf8 Ke4 48. Ng4 Rd3+ 49. Kc2 Rf3 50. Nf2+ Ke3 51. Nd1+ Ke4 52. Nc3+ Ke3 53. Nd1+ Ke4 54. Nf2+ Ke3 55. Ng4+ Ke4 56. Nf6+ Kf4 57. Nxh7+ Kg3 58. Rg8 Kxh4 59. Rxg6 Kh5 60. Rc6 Kg4 61. Nf6+ Kf5 62. Nd5 Ke5 63. Nc3 Kd4 64. Kb3 Rf8 65. Rd6+ Ke5 66. Rd5+ Ke6 67. Rd4 Rc8 68. Kc2 Rh8 69. Kd3 Rh7 70. Re4+ Kf5 71. Nd5 Ra7 72. Ne3+ Kf6 73. Ke2 Ra6 74. Kf3 Re6 75. Rd4 Ke7 76. Nd5+ Kd7 77. Nf4+ Rd6 78. Ra4 Rd1 79. Ke4 Re1+ 80. Kd4 Rd1+ 81. Nd3 Ke6 82. Ke4 Rh1 83. Ra6+ Ke7 84. Kd4 Rd1 85. Rh6 Kf7 86. Ke4 Kg7 87. Ra6 Rh1 88. Kf5 Rh5+ 89. Kf4 Rh4+ 90. Kg5 Rh1 91. Ra7+ Kf8 92. Kf6 Rh6+ 93. Kf5 Rh1 94. Ne5 Rf1+ 95. Ke6 Re1 96. Rf7+ Kg8 97. Rf2 Kg7 98. Rg2+ Kf8 99. Rg3 Re2 100. Rg1 Re3 101. Kf6 Ra3 102. Rh1 Ra6+ 103. Kf5 Ra2 104. Rh7 Ra5 105. Rb7 Ra1 106. Rc7 Rf1+ 107. Ke6 Re1 108. Rc8+ Kg7 1/2-1/2